 Dungeon Crawl Stone Soup version 0.17.1-2-g5865329 (webtiles) character file.

50 kaze the Cudgeler (level 3, 0/36 HPs)
             Began as a Troll Berserker on Jan 20, 2016.
             Was a Follower of Trog.
             Slain by an adder (1 damage)
             ... on level 2 of the Dungeon.
             The game lasted 00:01:25 (201 turns).

kaze the Cudgeler (Troll Berserker)                  Turns: 201, Time: 00:01:27

Health: 0/36       AC:  5    Str: 26    XL:     3   Next: 55%
Magic:  2/2        EV: 10    Int:  3    God:    Trog [*.....]
Gold:   5          SH:  0    Dex:  9    Spells: 0 memorised, 2 levels left

rFire  . . .     SeeInvis .     a - +0 mace
rCold  . . .     Clarity  .     b - +0 animal skin
rNeg   . . .     SustAt   .     (no shield)
rPois  .         Gourm    +     (helmet restricted)
rElec  .         Spirit   .     (no cloak)
rCorr  .         Warding  .     (gloves unavailable)
rMut   .         Stasis   .     (boots unavailable)
MR     .....                    (no amulet)
Stlth  +.........               (no ring)
                                (no ring)

@: not resistant to hostile enchantments, very unstealthy
A: unfitting armour, claws 3, fast metabolism 3, gourmand, regeneration 2,
shaggy fur 1, tough skin 2
a: Berserk, Burn Spellbooks, Renounce Religion


You were on level 2 of the Dungeon.
You worshipped Trog.
Trog was aware of your devotion.
You were not hungry.

You visited 1 branch of the dungeon, and saw 2 of its levels.

You collected 5 gold pieces.

Inventory:

Hand Weapons
 a - a +0 mace (weapon)
Armour
 b - a +0 animal skin (worn)
Scrolls
 d - a scroll of remove curse {unknown}
 g - a scroll of magic mapping {unknown}
Potions
 e - a potion of mutation {unknown}
Comestibles
 c - 3 bread rations
 f - 3 chunks of flesh


   Skills:
 + Level 2.8 Fighting
 + Level 3.1 Maces & Flails
 + Level 3.1 Dodging


You had 2 spell levels left.
You didn't know any spells.

Dungeon Overview and Level Annotations

Branches:
Dungeon (2/15)

Altars:


Innate Abilities, Weirdness & Mutations

You are too large for most types of armour.
You have claws for hands.
Your metabolism is lightning-fast.
You like to eat raw meat.
You heal very quickly.
You are covered in fur (AC +1).
You have very tough skin (AC +2).


Message History

The kobold is heavily wounded.
The bat closely misses you. The adder bites you but does no damage.
The giant gecko bites you. The adder barely misses you.
The kobold hits you but does no damage. The giant gecko barely misses you.
You closely miss the adder. The bat hits you. The bat closely misses you.
The adder barely misses you. The giant gecko bites you.
* * * LOW HITPOINT WARNING * * *
The kobold hits you but does no damage. The adder barely misses you.
You closely miss the adder. The bat hits you but does no damage.
The giant gecko bites you but does no damage.
The kobold barely misses you. The adder completely misses you.
The giant gecko bites you.
* * * LOW HITPOINT WARNING * * *
You hit the adder.
The adder is heavily wounded.
The adder bites you but does no damage. The kobold barely misses you.
The giant gecko bites you.
* * * LOW HITPOINT WARNING * * *
The adder bites you.
You die...

##### #...# # ...# #....
##. ...#### #...#
#..###..... #....
...#.....# # # #....
#.......###.######....
#....................
#..lK................
#..#@.####.###..)....
#..#Sb........)##.##.
#...........###......
##.#..####..###.###..
#.#..# #......# #.. .
#..####.#....###.. ##
#.................
#.............#...##.##.
########...............<


You could see an adder, a giant gecko, a bat and a kobold.

Vanquished Creatures
  Jessica (D:2)
  An adder (D:2)
  An ooze (D:1)
  3 goblins
  2 hobgoblins (D:1)
  2 bats (D:1)
  3 rats
13 creatures vanquished.

Notes
Turn   | Place    | Note
--------------------------------------------------------------
     0 | D:1      | kaze the Troll Berserker began the quest for the Orb.
     0 | D:1      | Reached XP level 1. HP: 22/22 MP: 0/0
    69 | D:1      | Reached XP level 2. HP: 7/29 MP: 1/1
    72 | D:1      | HP: 1/43 [hobgoblin/club (6)]
   120 | D:2      | Noticed Jessica
   138 | D:2      | Killed Jessica
   138 | D:2      | Reached skill level 3 in Maces & Flails
   138 | D:2      | Reached XP level 3. HP: 8/36 MP: 2/2
   201 | D:2      | HP: 1/36 [giant gecko (4)]
   201 | D:2      | Slain by an adder

Action                   || total
-------------------------++-------
Melee: Mace              ||    46
Invok: Berserk           ||     1
  Eat: Chunk             ||     3
